| TOP OF THE 1ST |
|
Charlotte Hornets batting - Pitching for Columbus Skeeters : RHP Ed Wojna
|
|
Pitching: RHP Ed Wojna
|
|
|
Batting: SHB Jose Mota
|
0-0: Foul Ball, location: 2F 0-1: Ball 1-1: Swinging Strike 1-2: Ball 2-2: Foul Ball, location: 2F 2-2: Fly out, F9 (Flyball, 89D, EV 93.8 MPH)
|
|
Batting: RHB Juan Bonilla
|
0-0: Swinging Strike 0-1: Ball 1-1: Ball 2-1: Ground out 5-3 (Groundball, 56S, EV 92.5 MPH)
|
|
Batting: RHB Ron Johnson
|
0-0: Ball 1-0: Ball 2-0: Ball 3-0: Base on Balls
|
|
Batting: RHB Alvaro Espinoza
|
0-0: Swinging Strike 0-1: Fly out, F9 (Flyball, 9D, EV 85.6 MPH)
|
| Top of the 1st over - 0 runs, 0 hits, 0 errors, 1 left on base; Charlotte 0 - Columbus 0 |
| BOTTOM OF THE 1ST |
|
Columbus Skeeters batting - Pitching for Charlotte Hornets : RHP Dale Mohorcic
|
|
Pitching: RHP Dale Mohorcic
|
|
|
Batting: SHB Mike Howard
|
0-0: Called Strike 0-1: Called Strike 0-2: Fly out, F7 (Flyball, 7LS, EV 95.0 MPH)
|
|
Batting: LHB Pete Mueller
|
0-0: Ball 1-0: Ball 2-0: Called Strike 2-1: Foul Ball, location: 2F 2-2: Fly out, F8 (Flyball, 8RM, EV 79.4 MPH)
|
|
Batting: RHB Heri Ramirez
|
0-0: Ball 1-0: Fly out, F7 (Flyball, 7D, EV 107.5 MPH)
|
| Bottom of the 1st over - 0 runs, 0 hits, 0 errors, 0 left on base; Charlotte 0 - Columbus 0 |
| TOP OF THE 2ND |
|
Charlotte Hornets batting - Pitching for Columbus Skeeters : RHP Ed Wojna
|
|
Batting: LHB Jesus Diaz
|
0-0: Called Strike 0-1: Ground out 1-3 (Groundball, 13, EV 68.1 MPH)
|
|
Batting: LHB Steve Macko
|
0-0: Ball 1-0: Fly out, F3 (Popup, 3, EV 80.6 MPH)
|
|
Batting: LHB Richard Berg
|
0-0: Ball 1-0: Fly out, F6 (Line Drive, 6, EV 61.9 MPH)
|
| Top of the 2nd over - 0 runs, 0 hits, 0 errors, 0 left on base; Charlotte 0 - Columbus 0 |
| BOTTOM OF THE 2ND |
|
Columbus Skeeters batting - Pitching for Charlotte Hornets : RHP Dale Mohorcic
|
|
Batting: LHB Sam Horn
|
0-0: Ball 1-0: Foul Ball, location: 2F 1-1: Foul Ball, location: 2F 1-2: Ball 2-2: Foul Ball, location: 2F 2-2: Ground out U3 (Groundball, 3, EV 107.5 MPH)
|
|
Batting: RHB Danny Sheaffer
|
0-0: Ball 1-0: Swinging Strike 1-1: SINGLE (Line Drive, 7S, EV 88.1 MPH)
|
|
Batting: LHB John Weller
|
0-0: Ball 1-0: Foul Ball, location: 2F 1-1: Foul Ball, location: 2F 1-2: Foul Ball, location: 2F 1-2: Foul Ball, location: 2F 1-2: Ball 2-2: Foul Ball, location: 2F 2-2: Foul Ball, location: 2F 2-2: Ball Passed Ball! Danny Sheaffer to second 3-2: DOUBLE (Line Drive, 8LXD, EV 107.5 MPH) Danny Sheaffer scores
|
|
Batting: LHB Jay Erdahl
|
0-0: Ball 1-0: Fly out, F7 (Flyball, 7S, EV 79.4 MPH)
|
|
Batting: RHB Randy Kaczmarski
|
0-0: Ball 1-0: Foul Ball, location: 2F 1-1: Foul Ball, location: 2F 1-2: Strikes out swinging
|
| Bottom of the 2nd over - 1 run, 2 hits, 0 errors, 1 left on base; Charlotte 0 - Columbus 1 |
| TOP OF THE 3RD |
|
Charlotte Hornets batting - Pitching for Columbus Skeeters : RHP Ed Wojna
|
|
Batting: RHB John O'Rear
|
0-0: Ball 1-0: Foul Ball, location: 2F 1-1: Swinging Strike 1-2: Ball 2-2: Ball 3-2: Foul Ball, location: 2F 3-2: Strikes out swinging
|
|
Batting: RHB Reggie Baldwin
|
0-0: Ground out 4-3 (Groundball, 4, EV 102.5 MPH)
|
|
Batting: SHB Jose Mota
|
0-0: SINGLE (Groundball, 6M, EV 100.6 MPH) (infield hit)
|
|
Batting: RHB Juan Bonilla
|
0-0: Called Strike 0-1: Ball 1-1: Ball 2-1: Called Strike 2-2: Foul Ball, location: 2F 2-2: Foul Ball, location: 2F 2-2: Ball Jose Mota steals 2nd base 3-2: SINGLE (Groundball, 6MD, EV 109.4 MPH) Jose Mota to third Jose Mota scores
|
|
Batting: RHB Ron Johnson
|
0-0: Called Strike 0-1: Ball 1-1: Ball 2-1: Called Strike 2-2: Ball Passed Ball! Juan Bonilla to second 3-2: Foul Ball, location: 2F 3-2: Ground out 4-3 (Groundball, 4MS, EV 86.9 MPH)
|
| Top of the 3rd over - 1 run, 2 hits, 0 errors, 1 left on base; Charlotte 1 - Columbus 1 |
| BOTTOM OF THE 3RD |
|
Columbus Skeeters batting - Pitching for Charlotte Hornets : RHP Dale Mohorcic
|
|
Batting: RHB Gregory Pastors
|
0-0: Called Strike 0-1: Ball 1-1: Ball 2-1: Swinging Strike 2-2: Ball 3-2: Foul Ball, location: 2F 3-2: Fly out, F7 (Line Drive, 7, EV 102.5 MPH)
|
|
Batting: SHB Mike Howard
|
0-0: Called Strike 0-1: Ball 1-1: Swinging Strike 1-2: Ball 2-2: Foul Ball, location: 2F 2-2: Foul Ball, location: 2F 2-2: Foul Ball, location: 2F 2-2: SINGLE (Line Drive, 6D, EV 103.1 MPH)
|
|
Batting: LHB Pete Mueller
|
0-0: Swinging Strike 0-1: Ball 1-1: Called Strike 1-2: Foul Ball, location: 2F 1-2: Foul Ball, location: 2F 1-2: Ball 2-2: Grounds into double play, 6-4-3 (Groundball, 6, EV 83.8 MPH)
|
| Bottom of the 3rd over - 0 runs, 1 hit, 0 errors, 0 left on base; Charlotte 1 - Columbus 1 |
| TOP OF THE 4TH |
|
Charlotte Hornets batting - Pitching for Columbus Skeeters : RHP Ed Wojna
|
|
Batting: RHB Alvaro Espinoza
|
0-0: Called Strike 0-1: DOUBLE (Line Drive, 9LM, EV 102.5 MPH)
|
|
Batting: LHB Jesus Diaz
|
0-0: Called Strike 0-1: Ball 1-1: Ball 2-1: Ground out 4-3 (Groundball, 4, EV 88.1 MPH) Alvaro Espinoza to third
|
|
Batting: LHB Steve Macko
|
0-0: Ball 1-0: Ball 2-0: Swinging Strike 2-1: Ball 3-1: Called Strike 3-2: Ground out 1-3 (Groundball, 13S, EV 75.0 MPH)
|
|
Batting: LHB Richard Berg
|
0-0: Ball 1-0: Reached on error, E6 (Groundball, 6M, EV 83.8 MPH) Alvaro Espinoza scores
|
|
Batting: RHB John O'Rear
|
0-0: Ball 1-0: Called Strike 1-1: Foul Ball, location: 2F 1-2: Foul Ball, location: 2F 1-2: Ball 2-2: Foul Ball, location: 2F 2-2: Fly out, F7 (Flyball, 7LS, EV 95.0 MPH)
|
| Top of the 4th over - 1 run, 1 hit, 1 error, 1 left on base; Charlotte 2 - Columbus 1 |
| BOTTOM OF THE 4TH |
|
Columbus Skeeters batting - Pitching for Charlotte Hornets : RHP Dale Mohorcic
|
|
Batting: RHB Heri Ramirez
|
0-0: Ball 1-0: Ball 2-0: Foul Ball, location: 2F 2-1: Fly out, F9 (Line Drive, 9, EV 90.0 MPH)
|
|
Batting: LHB Sam Horn
|
0-0: Ball 1-0: Ball 2-0: Ball 3-0: Called Strike 3-1: Base on Balls
|
|
Batting: RHB Danny Sheaffer
|
0-0: Foul Ball, location: 2F 0-1: Swinging Strike 0-2: Foul Ball, location: 2F 0-2: Fielders Choice at 2nd, 6-4 (Groundball, 6, EV 85.0 MPH)
|
|
Batting: LHB John Weller
|
0-0: Ball 1-0: Ball 2-0: Ball 3-0: Base on Balls Danny Sheaffer to second
|
|
Batting: LHB Jay Erdahl
|
0-0: Fly out, F9 (Flyball, 9LM, EV 103.8 MPH)
|
| Bottom of the 4th over - 0 runs, 0 hits, 0 errors, 2 left on base; Charlotte 2 - Columbus 1 |
| TOP OF THE 5TH |
|
Charlotte Hornets batting - Pitching for Columbus Skeeters : RHP Ed Wojna
|
|
Batting: RHB Reggie Baldwin
|
0-0: Ground out 5-3 (Groundball, 5, EV 93.1 MPH)
|
|
Batting: SHB Jose Mota
|
0-0: Foul Ball, location: 2F 0-1: Ball 1-1: Ball 2-1: Ball 3-1: Foul Ball, location: 2F 3-2: Ground out 2-3 (Groundball, 13S, EV 65.6 MPH)
|
|
Batting: RHB Juan Bonilla
|
0-0: Foul Ball, location: 2F 0-1: SINGLE (Flyball, 5D, EV 90.0 MPH)
|
|
Batting: RHB Ron Johnson
|
0-0: Called Strike 0-1: Ball 1-1: Swinging Strike 1-2: Ball 2-2: Ball 3-2: Foul Ball, location: 2F 3-2: SINGLE (Line Drive, 6M, EV 111.3 MPH) Juan Bonilla to second Juan Bonilla to third
|
|
Batting: RHB Alvaro Espinoza
|
0-0: Fly out, F9 (Flyball, 9, EV 83.1 MPH)
|
| Top of the 5th over - 0 runs, 2 hits, 0 errors, 2 left on base; Charlotte 2 - Columbus 1 |
| BOTTOM OF THE 5TH |
|
Columbus Skeeters batting - Pitching for Charlotte Hornets : RHP Dale Mohorcic
|
|
Batting: RHB Randy Kaczmarski
|
0-0: Called Strike 0-1: Ground out 5-3 (Groundball, 56S, EV 81.3 MPH)
|
|
Batting: RHB Gregory Pastors
|
0-0: Ball 1-0: Foul Ball, location: 2F 1-1: Ball 2-1: Ball 3-1: Ground out U3 (Groundball, 13, EV 90.0 MPH)
|
|
Batting: SHB Mike Howard
|
0-0: Fly out, F9 (Flyball, 9D, EV 94.4 MPH)
|
| Bottom of the 5th over - 0 runs, 0 hits, 0 errors, 0 left on base; Charlotte 2 - Columbus 1 |
| TOP OF THE 6TH |
|
Charlotte Hornets batting - Pitching for Columbus Skeeters : RHP Ed Wojna
|
|
Batting: LHB Jesus Diaz
|
0-0: Foul Ball, location: 2F 0-1: Swinging Strike 0-2: Ball 1-2: Fly out, F4 (Popup, 4MD, EV 57.5 MPH)
|
|
Batting: LHB Steve Macko
|
0-0: Called Strike 0-1: Ball 1-1: Ball 2-1: Foul Ball, location: 2F 2-2: SINGLE (Line Drive, 89M, EV 107.5 MPH)
|
|
Batting: LHB Richard Berg
|
0-0: Called Strike 0-1: Swinging Strike 0-2: Fielders Choice at 2nd, 5-4 (Groundball, 5L, EV 100.6 MPH)
|
|
Batting: RHB John O'Rear
|
0-0: Called Strike 0-1: Ball 1-1: SINGLE (Flyball, 78S, EV 93.8 MPH) Richard Berg to second
|
|
Batting: RHB Reggie Baldwin
|
0-0: Called Strike 0-1: Ball 1-1: Ball 2-1: Ground out 6-3 (Groundball, 56, EV 81.3 MPH)
|
| Top of the 6th over - 0 runs, 2 hits, 0 errors, 2 left on base; Charlotte 2 - Columbus 1 |
| BOTTOM OF THE 6TH |
|
Columbus Skeeters batting - Pitching for Charlotte Hornets : RHP Dale Mohorcic
|
|
Batting: LHB Pete Mueller
|
0-0: Ball 1-0: Foul Ball, location: 2F 1-1: SINGLE (Groundball, 34S, EV 61.9 MPH) (infield hit)
|
|
Batting: RHB Heri Ramirez
|
0-0: Ball 1-0: Foul Ball, location: 2F 1-1: Ball 2-1: Foul Ball, location: 2F 2-2: Fly out, F8 (Flyball, 8RD, EV 91.9 MPH)
|
|
Batting: LHB Sam Horn
|
0-0: Ball 1-0: Called Strike 1-1: Grounds into double play, 4-6-3 (Groundball, 4, EV 106.9 MPH)
|
| Bottom of the 6th over - 0 runs, 1 hit, 0 errors, 0 left on base; Charlotte 2 - Columbus 1 |
| TOP OF THE 7TH |
|
Charlotte Hornets batting - Pitching for Columbus Skeeters : RHP Ed Wojna
|
|
Batting: SHB Jose Mota
|
0-0: Ball 1-0: Ground out 6-3 (Groundball, 6, EV 88.1 MPH)
|
|
Batting: RHB Juan Bonilla
|
0-0: Ball 1-0: Foul Ball, location: 2F 1-1: Ball 2-1: SINGLE (Groundball, 4M, EV 83.8 MPH) (infield hit)
|
|
Batting: RHB Ron Johnson
|
0-0: Ball Juan Bonilla is caught stealing 2nd base 2-4 1-0: Ball 2-0: Foul Ball, location: 2F 2-1: Ball 3-1: Base on Balls
|
|
Batting: RHB Alvaro Espinoza
|
0-0: Swinging Strike 0-1: Ball 1-1: Ball 2-1: SINGLE (Groundball, 6MD, EV 100.6 MPH) Ron Johnson to second Runner from 2nd tries for 3rd, SAFE, no throw by CF
|
|
Batting: LHB Jesus Diaz
|
0-0: Foul Ball, location: 2F 0-1: Swinging Strike 0-2: Strikes out swinging
|
| Top of the 7th over - 0 runs, 2 hits, 0 errors, 2 left on base; Charlotte 2 - Columbus 1 |
| BOTTOM OF THE 7TH |
|
Columbus Skeeters batting - Pitching for Charlotte Hornets : RHP Dale Mohorcic
|
|
Batting: RHB Danny Sheaffer
|
0-0: Called Strike 0-1: Ball 1-1: DOUBLE (Line Drive, 7LS, EV 113.8 MPH)
|
|
Batting: LHB John Weller
|
0-0: Ball 1-0: Sac Bunt to 15S - play at first, batter OUT! 1-3 Danny Sheaffer to third
|
|
Batting: LHB Jay Erdahl
|
0-0: Ball 1-0: Called Strike 1-1: Foul Ball, location: 2F 1-2: Foul Ball, location: 2F 1-2: Strikes out swinging
|
|
Pitching: RHP Charles Hatcher
|
|
|
Batting: RHB Randy Kaczmarski
|
0-0: Foul Ball, location: 2F 0-1: Swinging Strike 0-2: Strikes out swinging
|
| Bottom of the 7th over - 0 runs, 1 hit, 0 errors, 1 left on base; Charlotte 2 - Columbus 1 |
| TOP OF THE 8TH |
|
Charlotte Hornets batting - Pitching for Columbus Skeeters : RHP Ed Wojna
|
|
Batting: LHB Steve Macko
|
0-0: Called Strike 0-1: Ball 1-1: Ground out 4-3 (Groundball, 4, EV 102.5 MPH)
|
|
Batting: LHB Richard Berg
|
0-0: Ball 1-0: Ball 2-0: DOUBLE (Line Drive, 78D, EV 105.0 MPH)
|
|
Batting: RHB John O'Rear
|
0-0: Called Strike 0-1: Foul Ball, location: 2F 0-2: Ball 1-2: Ball 2-2: Fly out, F8 (Line Drive, 8RM, EV 100.0 MPH)
|
|
Batting: RHB Reggie Baldwin
|
0-0: Ball 1-0: DOUBLE (Line Drive, 7LM, EV 105.0 MPH) Richard Berg scores
|
|
Batting: SHB Jose Mota
|
0-0: Reached on error, E1 (Groundball, 15S, EV 68.8 MPH) Reggie Baldwin scores
|
|
Batting: RHB Juan Bonilla
|
0-0: Ball 1-0: Foul Ball, location: 2F 1-1: Ball 2-1: Foul Ball, location: 2F 2-2: Foul Ball, location: 2F 2-2: Ball 3-2: Ground out 5-3 (Groundball, 5, EV 83.8 MPH)
|
| Top of the 8th over - 2 runs, 2 hits, 1 error, 1 left on base; Charlotte 4 - Columbus 1 |
| BOTTOM OF THE 8TH |
|
Columbus Skeeters batting - Pitching for Charlotte Hornets : RHP Charles Hatcher
|
|
Batting: RHB Gregory Pastors
|
0-0: Called Strike 0-1: Foul Ball, location: 2F 0-2: Ball 1-2: Ball 2-2: Foul Ball, location: 2F 2-2: SINGLE (Line Drive, 56, EV 99.4 MPH)
|
|
Batting: SHB Mike Howard
|
0-0: Grounds into double play, 6-4-3 (Groundball, 6, EV 99.4 MPH)
|
|
Batting: LHB Pete Mueller
|
0-0: Foul Ball, location: 2F 0-1: Fly out, F8 (Line Drive, 8RM, EV 92.5 MPH)
|
| Bottom of the 8th over - 0 runs, 1 hit, 0 errors, 0 left on base; Charlotte 4 - Columbus 1 |
| TOP OF THE 9TH |
|
Charlotte Hornets batting - Pitching for Columbus Skeeters : RHP Ed Wojna
|
|
Batting: RHB Ron Johnson
|
0-0: Ball 1-0: Ball 2-0: Fly out, F4 (Popup, 3D, EV 56.3 MPH)
|
|
Batting: RHB Alvaro Espinoza
|
0-0: Ball 1-0: Called Strike 1-1: Fly out, F3 (Popup, 3SF, EV 80.0 MPH)
|
|
Batting: LHB Jesus Diaz
|
0-0: Foul Ball, location: 2F 0-1: Ball 1-1: Ground out U3 (Groundball, 3S, EV 62.5 MPH)
|
| Top of the 9th over - 0 runs, 0 hits, 0 errors, 0 left on base; Charlotte 4 - Columbus 1 |
| BOTTOM OF THE 9TH |
|
Columbus Skeeters batting - Pitching for Charlotte Hornets : RHP Charles Hatcher
|
|
Batting: RHB Heri Ramirez
|
0-0: Ground out 4-3 (Groundball, 4S, EV 83.1 MPH)
|
|
Batting: LHB Sam Horn
|
0-0: Foul Ball, location: 2F 0-1: Ball 1-1: Ball 2-1: Ground out 5-3 (Groundball, 5L, EV 76.3 MPH)
|
|
Batting: RHB Danny Sheaffer
|
0-0: Ground out 6-3 (Groundball, 6, EV 88.8 MPH)
|
| Bottom of the 9th over - 0 runs, 0 hits, 0 errors, 0 left on base; Charlotte 4 - Columbus 1 |
|